| TOP OF THE 1ST |
|
Spartanburg Spartans batting - Pitching for Sumter Gamecocks : RHP Lance McCullers
|
|
Pitching: RHP Lance McCullers
|
|
|
Batting: SHB Michael Vanderburg
|
0-0: Ball 1-0: Called Strike 1-1: Foul Ball, location: 2F 1-2: Ball 2-2: Foul Ball, location: 2F 2-2: SINGLE (Groundball, 6M, EV 101.9 MPH) (infield hit)
|
|
Batting: RHB Ron Dillard
|
0-0: Fielders Choice at 2nd, 6-4 (Groundball, 6, EV 83.8 MPH)
|
|
Batting: LHB John Hennell
|
0-0: Ball 1-0: Ball 2-0: Ball 3-0: Called Strike 3-1: Foul Ball, location: 2F 3-2: Foul Ball, location: 2F 3-2: Foul Ball, location: 2F 3-2: Foul Ball, location: 2F 3-2: Foul Ball, location: 2F 3-2: SINGLE (Groundball, 4MD, EV 97.5 MPH) Ron Dillard to second Ron Dillard to third
|
|
Batting: RHB Gib Seibert
|
0-0: Called Strike 0-1: Swinging Strike 0-2: Foul Ball, location: 2F 0-2: Ball 1-2: Ball 2-2: Ball 3-2: Foul Ball, location: 2F 3-2: Fielders Choice at 2nd, 5-4 (Groundball, 56, EV 98.8 MPH) Ron Dillard scores
|
|
Batting: RHB Dan Boever
|
0-0: Ball 1-0: Foul Ball, location: 2F 1-1: Ball 2-1: Ball Gib Seibert steals 2nd base 3-1: Called Strike 3-2: Ground out 5-3 (Groundball, 56, EV 81.3 MPH)
|
| Top of the 1st over - 1 run, 2 hits, 0 errors, 1 left on base; Spartanburg 1 - Sumter 0 |
| BOTTOM OF THE 1ST |
|
Sumter Gamecocks batting - Pitching for Spartanburg Spartans : LHP Nick Fiorillo
|
|
Pitching: LHP Nick Fiorillo
|
|
|
Batting: SHB John Cangelosi
|
0-0: Ball 1-0: Called Strike 1-1: Ball 2-1: Ball 3-1: Base on Balls
|
|
Batting: LHB Antonio Tapia
|
0-0: Foul Ball, location: 2F 0-1: Foul Ball, location: 2F 0-2: Ball 1-2: Strikes out swinging
|
|
Batting: RHB Randy Washington
|
0-0: Called Strike 0-1: Foul Ball, location: 2F 0-2: Ground out 6-3 (Groundball, 6MD, EV 80.0 MPH) John Cangelosi to second
|
|
Batting: RHB Kelly Gruber
|
0-0: Called Strike 0-1: Swinging Strike 0-2: Ball 1-2: Foul Ball, location: 2F 1-2: SINGLE (Flyball, 78S, EV 82.5 MPH) John Cangelosi to third Runner from 3rd tries for Home, SAFE, throw by LF to home
|
|
Batting: LHB Mark Gerard
|
0-0: Swinging Strike 0-1: Ball 1-1: Called Strike 1-2: Ball 2-2: Ball 3-2: Base on Balls Kelly Gruber to second
|
|
Batting: RHB Ron Shepherd
|
0-0: Ball 1-0: Ball 2-0: Foul Ball, location: 2F 2-1: Ball 3-1: Called Strike 3-2: Strikes out swinging
|
| Bottom of the 1st over - 1 run, 1 hit, 0 errors, 2 left on base; Spartanburg 1 - Sumter 1 |
| TOP OF THE 2ND |
|
Spartanburg Spartans batting - Pitching for Sumter Gamecocks : RHP Lance McCullers
|
|
Batting: RHB Inocencio Guerrero
|
0-0: Ball 1-0: Ball 2-0: Ball 3-0: Base on Balls
|
|
Batting: LHB Albert Ortiz
|
0-0: Ball 1-0: Fielders Choice at 2nd, 6-4 (Groundball, 6, EV 78.1 MPH)
|
|
Batting: RHB Rigo Rodriguez
|
0-0: Called Strike 0-1: Fly out, F9 (Flyball, 89S, EV 91.9 MPH)
|
|
Batting: LHB Ronn Van Krevelen
|
0-0: Called Strike 0-1: Fielders Choice at 2nd, 6-4 (Groundball, 6, EV 81.3 MPH)
|
| Top of the 2nd over - 0 runs, 0 hits, 0 errors, 1 left on base; Spartanburg 1 - Sumter 1 |
| BOTTOM OF THE 2ND |
|
Sumter Gamecocks batting - Pitching for Spartanburg Spartans : LHP Nick Fiorillo
|
|
Batting: RHB Jerry Hidalgo
|
0-0: Ball 1-0: Ground out 5-3 (Groundball, 25, EV 81.3 MPH)
|
|
Batting: RHB Aldo Bagiotti
|
0-0: Ball 1-0: Foul Ball, location: 2F 1-1: Ground out 4-3 (Groundball, 4, EV 109.4 MPH)
|
|
Batting: RHB Claude Johnson
|
0-0: Foul Ball, location: 2F 0-1: Ball 1-1: Foul Ball, location: 2F 1-2: Ground out 5-3 (Groundball, 56S, EV 86.9 MPH)
|
| Bottom of the 2nd over - 0 runs, 0 hits, 0 errors, 0 left on base; Spartanburg 1 - Sumter 1 |
| TOP OF THE 3RD |
|
Spartanburg Spartans batting - Pitching for Sumter Gamecocks : RHP Lance McCullers
|
|
Batting: SHB Michael Vanderburg
|
0-0: Ball 1-0: Ball 2-0: Swinging Strike 2-1: Foul Ball, location: 2F 2-2: Fly out, F6 (Flyball, 56D, EV 80.6 MPH)
|
|
Batting: RHB Ron Dillard
|
0-0: Called Strike 0-1: Foul Ball, location: 2F 0-2: Foul Ball, location: 2F 0-2: SINGLE (Flyball, 8LS, EV 87.5 MPH)
|
|
Batting: LHB John Hennell
|
0-0: Called Strike 0-1: Called Strike 0-2: Ball 1-2: Ball 2-2: Strikes out swinging
|
|
Batting: RHB Gib Seibert
|
0-0: Ball Ron Dillard steals 2nd base 1-0: Swinging Strike 1-1: Foul Ball, location: 2F 1-2: Ball 2-2: Foul Ball, location: 2F 2-2: Strikes out looking
|
| Top of the 3rd over - 0 runs, 1 hit, 0 errors, 1 left on base; Spartanburg 1 - Sumter 1 |
| BOTTOM OF THE 3RD |
|
Sumter Gamecocks batting - Pitching for Spartanburg Spartans : LHP Nick Fiorillo
|
|
Batting: SHB John Cangelosi
|
0-0: Ball 1-0: Ball 2-0: Ball 3-0: Base on Balls
|
|
Batting: LHB Antonio Tapia
|
0-0: Called Strike 0-1: Fly out, F7 (Flyball, 78S, EV 82.5 MPH)
|
|
Batting: RHB Randy Washington
|
0-0: Ball 1-0: Called Strike 1-1: Ball 2-1: SINGLE (Line Drive, 6MD, EV 108.8 MPH) John Cangelosi to second
|
|
Batting: RHB Kelly Gruber
|
0-0: Ball Randy Washington steals 2nd base John Cangelosi steals 3rd base 1-0: SINGLE (Line Drive, 4D, EV 97.5 MPH) John Cangelosi scores Randy Washington to third Runner from 3rd tries for Home, SAFE, throw by CF to home
|
|
Batting: LHB Mark Gerard
|
0-0: SINGLE (Line Drive, 8LS, EV 104.4 MPH) Kelly Gruber to second
|
|
Batting: RHB Ron Shepherd
|
0-0: Fly out, F7 (Flyball, 78M, EV 88.8 MPH)
|
|
Batting: RHB Jerry Hidalgo
|
0-0: Ball 1-0: Ball 2-0: Fly out, F8 (Flyball, 8RD, EV 86.3 MPH)
|
| Bottom of the 3rd over - 2 runs, 3 hits, 0 errors, 2 left on base; Spartanburg 1 - Sumter 3 |
| TOP OF THE 4TH |
|
Spartanburg Spartans batting - Pitching for Sumter Gamecocks : RHP Lance McCullers
|
|
Batting: RHB Dan Boever
|
0-0: Called Strike 0-1: SINGLE (Groundball, 6, EV 95.6 MPH)
|
|
Batting: RHB Inocencio Guerrero
|
0-0: Swinging Strike 0-1: Fielders Choice at 2nd, 4-6 (Groundball, 34, EV 81.3 MPH)
|
|
Batting: LHB Albert Ortiz
|
0-0: Ball 1-0: Ball 2-0: Called Strike 2-1: Foul Ball, location: 2F 2-2: Ball 3-2: Strikes out looking
|
|
Batting: RHB Rigo Rodriguez
|
0-0: Called Strike 0-1: Foul Ball, location: 2F 0-2: Fly out, F8 (Line Drive, 8LD, EV 97.5 MPH)
|
| Top of the 4th over - 0 runs, 1 hit, 0 errors, 1 left on base; Spartanburg 1 - Sumter 3 |
| BOTTOM OF THE 4TH |
|
Sumter Gamecocks batting - Pitching for Spartanburg Spartans : LHP Nick Fiorillo
|
|
Batting: RHB Aldo Bagiotti
|
0-0: Called Strike 0-1: Ball 1-1: Foul Ball, location: 2F 1-2: Foul Ball, location: 2F 1-2: Strikes out swinging
|
|
Batting: RHB Claude Johnson
|
0-0: Called Strike 0-1: Ball 1-1: Ball 2-1: Swinging Strike 2-2: Strikes out swinging
|
|
Batting: SHB John Cangelosi
|
0-0: Ball 1-0: Ball 2-0: Ball 3-0: Called Strike 3-1: Base on Balls
|
|
Batting: LHB Antonio Tapia
|
0-0: Called Strike 0-1: Ball 1-1: SINGLE (Flyball, 6MD, EV 90.6 MPH) John Cangelosi to second Runner from 2nd tries for 3rd, SAFE, throw by CF made to third
|
|
Batting: RHB Randy Washington
|
0-0: Ground out 1-3 (Groundball, 34S, EV 68.8 MPH)
|
| Bottom of the 4th over - 0 runs, 1 hit, 0 errors, 2 left on base; Spartanburg 1 - Sumter 3 |
| TOP OF THE 5TH |
|
Spartanburg Spartans batting - Pitching for Sumter Gamecocks : RHP Lance McCullers
|
|
Batting: LHB Ronn Van Krevelen
|
0-0: SINGLE (Line Drive, 9S, EV 105.0 MPH)
|
|
Batting: SHB Michael Vanderburg
|
0-0: Swinging Strike 0-1: Swinging Strike 0-2: Foul Ball, location: 2F 0-2: Ball 1-2: Strikes out swinging
|
|
Batting: RHB Ron Dillard
|
0-0: Fielders Choice at 2nd, 6-4 (Groundball, 56, EV 84.4 MPH)
|
|
Batting: LHB John Hennell
|
0-0: Called Strike 0-1: Ball 1-1: Swinging Strike 1-2: Ground out U3 (Groundball, 3, EV 80.6 MPH)
|
| Top of the 5th over - 0 runs, 1 hit, 0 errors, 1 left on base; Spartanburg 1 - Sumter 3 |
| BOTTOM OF THE 5TH |
|
Sumter Gamecocks batting - Pitching for Spartanburg Spartans : LHP Nick Fiorillo
|
|
Batting: RHB Kelly Gruber
|
0-0: Ground out 4-3 (Groundball, 4, EV 89.4 MPH)
|
|
Batting: LHB Mark Gerard
|
0-0: Called Strike 0-1: Ball 1-1: Ball 2-1: Ball 3-1: Called Strike 3-2: Strikes out swinging
|
|
Batting: RHB Ron Shepherd
|
0-0: Ball 1-0: Swinging Strike 1-1: SOLO HOME RUN (Flyball, 9LD, EV 105.0 MPH), Distance : 346 ft
|
|
Batting: RHB Jerry Hidalgo
|
0-0: Ball 1-0: Swinging Strike 1-1: Ball 2-1: Ball 3-1: Fly out, F7 (Flyball, 78S, EV 90.0 MPH)
|
| Bottom of the 5th over - 1 run, 1 hit, 0 errors, 0 left on base; Spartanburg 1 - Sumter 4 |
| TOP OF THE 6TH |
|
Spartanburg Spartans batting - Pitching for Sumter Gamecocks : RHP Lance McCullers
|
|
Batting: RHB Gib Seibert
|
0-0: Ball 1-0: Fly out, F9 (Flyball, 9, EV 82.5 MPH)
|
|
Batting: RHB Dan Boever
|
0-0: Called Strike 0-1: Ground out 6-3 (Groundball, 6, EV 79.4 MPH)
|
|
Batting: RHB Inocencio Guerrero
|
0-0: Ball 1-0: Ground out 6-3 (Groundball, 6, EV 82.5 MPH)
|
| Top of the 6th over - 0 runs, 0 hits, 0 errors, 0 left on base; Spartanburg 1 - Sumter 4 |
| BOTTOM OF THE 6TH |
|
Sumter Gamecocks batting - Pitching for Spartanburg Spartans : LHP Nick Fiorillo
|
|
Batting: RHB Aldo Bagiotti
|
0-0: Ball 1-0: Ball 2-0: Called Strike 2-1: Ball 3-1: Foul Ball, location: 2F 3-2: Foul Ball, location: 2F 3-2: Foul Ball, location: 2F 3-2: Base on Balls
|
|
Batting: RHB Claude Johnson
|
0-0: Bunted foul 0-1: Bunt missed! 0-2: Foul Ball, location: 2F 0-2: Foul Ball, location: 2F 0-2: Foul Ball, location: 2F 0-2: 2-RUN HOME RUN (Flyball, 7D, EV 105.0 MPH), Distance : 380 ft
|
|
Batting: SHB John Cangelosi
|
0-0: Ball 1-0: Ground out 6-3 (Groundball, 6, EV 105.0 MPH)
|
|
Batting: LHB Antonio Tapia
|
0-0: Foul Ball, location: 2F 0-1: Ball 1-1: Ball 2-1: Ball 3-1: Ground out 6-3 (Groundball, 6, EV 91.3 MPH)
|
|
Batting: RHB Randy Washington
|
0-0: Ball 1-0: Foul Ball, location: 2F 1-1: Foul Ball, location: 2F 1-2: Ground out 5-3 (Groundball, 56S, EV 81.3 MPH)
|
| Bottom of the 6th over - 2 runs, 1 hit, 0 errors, 0 left on base; Spartanburg 1 - Sumter 6 |
| TOP OF THE 7TH |
|
Spartanburg Spartans batting - Pitching for Sumter Gamecocks : RHP Lance McCullers
|
|
Batting: LHB Albert Ortiz
|
0-0: Ground out 6-3 (Groundball, 6, EV 104.4 MPH)
|
|
Batting: RHB Rigo Rodriguez
|
0-0: Ball 1-0: Fly out, F9 (Flyball, 9LS, EV 77.5 MPH)
|
|
Batting: LHB Ronn Van Krevelen
|
0-0: Ball 1-0: Called Strike 1-1: Foul Ball, location: 2F 1-2: Ground out 4-3 (Groundball, 34, EV 78.8 MPH)
|
| Top of the 7th over - 0 runs, 0 hits, 0 errors, 0 left on base; Spartanburg 1 - Sumter 6 |
| BOTTOM OF THE 7TH |
|
Sumter Gamecocks batting - Pitching for Spartanburg Spartans : LHP Nick Fiorillo
|
|
Batting: RHB Kelly Gruber
|
0-0: Fly out, F3 (Popup, 3F, EV 57.5 MPH)
|
|
Batting: LHB Mark Gerard
|
0-0: Ball 1-0: Foul Ball, location: 2F 1-1: Ball 2-1: Called Strike 2-2: Ball 3-2: Strikes out swinging
|
|
Batting: RHB Ron Shepherd
|
0-0: Foul Ball, location: 2F 0-1: Foul Ball, location: 2F 0-2: Ball 1-2: Strikes out looking
|
| Bottom of the 7th over - 0 runs, 0 hits, 0 errors, 0 left on base; Spartanburg 1 - Sumter 6 |
| TOP OF THE 8TH |
|
Spartanburg Spartans batting - Pitching for Sumter Gamecocks : RHP Lance McCullers
|
|
Batting: SHB Michael Vanderburg
|
0-0: Ball 1-0: Called Strike 1-1: Ball 2-1: Ball 3-1: Called Strike 3-2: Foul Ball, location: 2F 3-2: Foul Ball, location: 2F 3-2: SINGLE (Groundball, 4MD, EV 96.9 MPH)
|
|
Batting: RHB Ron Dillard
|
0-0: Foul Ball, location: 2F 0-1: Called Strike 0-2: Ball 1-2: Ground out 4-3 (Groundball, 4S, EV 73.1 MPH) Michael Vanderburg to second
|
|
Batting: LHB John Hennell
|
0-0: Called Strike 0-1: Swinging Strike 0-2: Ground out 6-3 (Groundball, 6, EV 108.8 MPH)
|
|
Batting: RHB Gib Seibert
|
0-0: Ball 1-0: Ball 2-0: Foul Ball, location: 2F 2-1: Foul Ball, location: 2F 2-2: Strikes out swinging
|
| Top of the 8th over - 0 runs, 1 hit, 0 errors, 1 left on base; Spartanburg 1 - Sumter 6 |
| BOTTOM OF THE 8TH |
|
Sumter Gamecocks batting - Pitching for Spartanburg Spartans : LHP Nick Fiorillo
|
|
Batting: RHB Jerry Hidalgo
|
0-0: Ball 1-0: Called Strike 1-1: Foul Ball, location: 2F 1-2: Foul Ball, location: 2F 1-2: Ball 2-2: Foul Ball, location: 2F 2-2: Ball 3-2: Ground out 4-3 (Groundball, 4, EV 97.5 MPH)
|
|
Batting: RHB Aldo Bagiotti
|
0-0: Ground out 5-3 (Groundball, 56S, EV 85.6 MPH)
|
|
Batting: RHB Claude Johnson
|
0-0: Ball 1-0: Called Strike 1-1: SINGLE (Groundball, 25, EV 71.9 MPH) (infield hit)
|
|
Batting: SHB John Cangelosi
|
0-0: Fly out, F7 (Flyball, 7, EV 90.0 MPH)
|
| Bottom of the 8th over - 0 runs, 1 hit, 0 errors, 1 left on base; Spartanburg 1 - Sumter 6 |
| TOP OF THE 9TH |
|
Spartanburg Spartans batting - Pitching for Sumter Gamecocks : RHP Lance McCullers
|
|
Batting: RHB Dan Boever
|
0-0: Ball 1-0: Swinging Strike 1-1: Foul Ball, location: 2F 1-2: Foul Ball, location: 2F 1-2: Strikes out swinging
|
|
Batting: RHB Inocencio Guerrero
|
0-0: Foul Ball, location: 2F 0-1: Ball 1-1: Foul Ball, location: 2F 1-2: Strikes out looking
|
|
Batting: LHB Albert Ortiz
|
0-0: Foul Ball, location: 2F 0-1: Swinging Strike 0-2: Ball 1-2: Ground out 6-3 (Groundball, 6, EV 104.4 MPH)
|
| Top of the 9th over - 0 runs, 0 hits, 0 errors, 0 left on base; Spartanburg 1 - Sumter 6 |
|